 Dungeon Crawl Stone Soup version 0.30-a0-758-gc2c871d025 (webtiles) character file.

Game seed: 10040116954542650632

5107 DEFE the Prestidigitator (level 10, -2/69 HPs)
             Began as a Djinni Wanderer on Feb 10, 2023.
             Was a Believer of Ashenzari.
             Slain by a killer bee (6 damage)
             ... on level 9 of the Dungeon.
             The game lasted 00:15:08 (10139 turns).

DEFE the Prestidigitator (Djinni Wanderer)         Turns: 10139, Time: 00:15:08

Health: -2/69      AC:  4    Str:  9    XL:     10   Next: 88%
Gold:   476        EV: 12    Int: 24    God:    Ashenzari [**....] SH:  0 Dex:  9

rFire   + . .      SeeInvis +    z - +8 short sword
rCold   + . .      Faith    .    (no shield)
rNeg    . . .      Spirit   .    m - +0 leather armour "Thunder Perfect Mind" {rC+, Evo, Range} (curse)
rPois   ∞          Reflect  .    (no helmet)
rElec   .          Harm     .    d - +0 cloak "Ruined Stickiness" {Cun, Fort} (curse)
rCorr   .          Rampage  .    (no gloves)
Will    ++...                    (boots unavailable)
Stlth   ++                       (no amulet)
HPRegen 0.31/turn                t - ring of the Omniscient Seeker {Will+, Cun, Self} (curse)
MPRegen 0.00/turn                n - ring of ice

@: flying, studying Spellcasting
A: sickness immunity, fire resistance 2, cold vulnerability 1, float, innate
caster, HP casting, extra vitality 1
a: Renounce Religion, Curse Item, Shatter the Chains


You were on level 9 of the Dungeon.
You worshipped Ashenzari.
Ashenzari was pleased with you.
You visited 1 branch of the dungeon, and saw 9 of its levels.

You collected 476 gold pieces.

Inventory:

Hand Weapons
 a - a +0 club
 z - a +8 short sword (weapon)
Missiles
 y - 3 curare-tipped darts
Armour
 d - the cursed +0 cloak "Ruined Stickiness" (worn) {Cun, Fort}

   It has a curse which improves the following skills: Cunning: Dodging and
   Stealth.
   Fortitude: Armour and Shields.
 h - the +1 robe of Skepticism {rF+ Int+8 Dex-2}
   (You found it on level 5 of the Dungeon)

   Int:       It affects your intelligence (+8).
   Dex:       It affects your dexterity (-2).
   rF:        It protects you from fire.
 m - the cursed +0 leather armour "Thunder Perfect Mind" (worn) {rC+, Evo, Range}
   (You found it on level 1 of the Dungeon)

   It has a curse which improves the following skills: Evocations: Evocations.
   Ranged Combat: Ranged Weapons and Throwing.
Jewellery
 n - a ring of ice (right hand)
 t - the cursed ring of the Omniscient Seeker (left hand) {Will+, Cun, Self}
   (You found it on level 2 of the Dungeon)

   [ring of willpower]

   Will:      It increases your willpower.
   It has a curse which improves the following skills: Cunning: Dodging and
   Stealth.
   Introspection: Fighting and Spellcasting.
 x - a ring of protection from fire
 C - a +6 ring of intelligence
 E - a +6 ring of dexterity
Wands
 u - a wand of iceblast (20)
Scrolls
 c - a scroll of fog
 i - 3 scrolls of teleportation
 j - 5 scrolls of magic mapping
 k - a scroll of blinking
 o - 2 scrolls of poison
 q - a scroll of vulnerability
 A - 2 scrolls of fear
 B - a scroll of noise
 D - a scroll of silence
Potions
 b - a potion of brilliance
 e - a potion of resistance
 f - 2 potions of invisibility
 g - 2 potions of curing
 l - 2 potions of magic
 p - 2 potions of ambrosia
 r - 2 potions of flight
 s - 6 potions of degeneration
 v - a potion of haste
 w - 3 potions of cancellation


   Skills:
 + Level 3.6(4.7) Fighting
 - Level 2.0(3.0) Armour
 - Level 2.1(3.6) Dodging
 - Level 1.8(3.2) Stealth
 + Level 11.8(13.0) Spellcasting
 + Level 13.6(14.7) Evocations


You had 15 spell levels left.
You knew the following spells:

 Your Spells              Type           Power      Damage    Failure   Level
a - Foxfire               Conj/Fire      100%       2x1d9     1%          1
b - Blink                 Tloc           100%       N/A       1%          2
c - Confusing Touch       Hex            67%        N/A       1%          3
d - Beastly Appendage     Tmut           100%       N/A       1%          1
e - Momentum Strike       Conj/Tloc      100%       3d10      1%          2
f - Blink                 Tloc           100%       N/A       1%          2
g - Summon Small Mammal   Summ           100%       N/A       1%          1
h - Poisonous Vapours     Pois/Air       100%       N/A       1%          2
i - Passwall              Tmut/Erth      55%        N/A       1%          2
j - Ice Form              Ice/Tmut       87%        N/A       1%          4

Your spell library contained the following spells:

 Spells                   Type           Power      Damage    Failure   Level


Dungeon Overview and Level Annotations

Branches:
Dungeon (9/15)             Temple (0/1) D:7
   Lair: D:8-11         Orc: D:9-12

Altars:
Ashenzari
Makhleb
Uskayaw


Innate Abilities, Weirdness & Mutations

You are immune to sickness and miasma.
You are immune to poison.
Your flesh is very heat resistant. (rF++)
You are vulnerable to cold. (rC-)
You float through the air rather than walking.
You learn spells naturally, not from books.
Your magical power is your life essence.
You have superior vitality. (+4 MHP)


Message History

You conjure some foxfire!
The killer bee stings you. The killer bee barely misses you.
The killer bee misses you. The killer bee barely misses you.
You take 3 damage, and have 36/69 hp.
You don't know that spell.
You conjure some foxfire!
The foxfire hits the killer bee.
The killer bee stings you. The killer bee stings you!
The killer bee closely misses you.
The killer bee stings you but does no damage.
You take 10 damage, and have 26/69 hp.
Unknown command.
You conjure some foxfire!
The foxfire hits the killer bee. x2
You kill the killer bee!
The killer bee stings you but does no damage.
The foxfire hits the killer bee.
The killer bee misses you.
Unknown command.
You take 1 damage, and have 25/69 hp.
You hit the killer bee.
The foxfire hits the killer bee but does no damage.
The killer bee stings you.
* * * LOW HITPOINT WARNING * * *
The killer bee stings you.
* * * LOW HITPOINT WARNING * * *
Unknown command.
You take 9 damage, and have 16/69 hp.
Unknown command.
You closely miss the killer bee. The killer bee stings you.
* * * LOW HITPOINT WARNING * * *
The killer bee stings you.
* * * LOW HITPOINT WARNING * * *
You take 9 damage, and have 7/69 hp.
Unknown command.
Unknown command.
As you read the scroll of fear, it crumbles to dust.
You assume a fearsome visage.
The killer bee resists with some effort.
The killer bee stings you.
* * * LOW HITPOINT WARNING * * *
The killer bee stings you.
You die...

#####.# ## * *###
###..##.# #. * #
##..### #.###...####.
* ..#.....#
##.###....##. ,
....#.#.#
##.##...###.# #.....#
###....#### ##. ,
*#.#.#.###......##
##.
*#...†y†.........#
##..
######@.........#
#... #.......#..#
##... *
#......##..###....
*#......##..##..... *
*...............##.
,,...#............##.
,
....####.........##.
, ...# ##.........#.
, #..##.....>..


You could see a killer bee.

Vanquished Creatures
  Pikel (D:7)
  Grinder (D:5)
  Sigmund (D:4)
  A wraith (D:8)
  2 wyverns
  A vampire mosquito (D:8)
  2 water moccasins
  An orc warrior (D:9)
  A sky beast (D:7)
  2 black bears
  2 ice beasts
  An ogre (D:6)
  2 centaurs
  5 phantoms
  A lemure (D:7)
  4 necrophages
  3 bullfrogs
  2 scorpions
  17 wights
  6 killer bees
  4 howler monkeys (D:8)
  4 jellies (D:6)
  2 hounds
  An orc priest (D:3)
  4 iguanas
  An orc wizard (D:9)
  7 adders
  5 white imps
  16 orcs
  8 bats
  11 endoplasms
  3 giant cockroaches
  4 goblins (D:1)
  6 hobgoblins
  13 jackals
  4 kobolds
  6 quokkas
  8 ball pythons
  3 frilled lizards (D:2)
  7 rats
173 creatures vanquished.

Vanquished Creatures (collateral kills)
  A foxfire (D:3)
1 creature vanquished.

Vanquished Creatures (others)
  717 foxfires
  2 plants (D:1)
719 creatures vanquished.

Grand Total: 893 creatures vanquished

Notes
Turn   | Place    | Note
-------+----------+-------------------------------------------
     0 | D:1      | DEFE the Djinni Wanderer began the quest for the Orb.
     0 | D:1      | DEFE set off with the following items: a +0 club, a potion
                  | of brilliance, a +0 robe, a +0 cloakthe following spells
                  | memorised: Foxfire, Blink, Confusing Touch, Beastly
                  | Appendage, Momentum Strike, Blink.
     0 | D:1      | Reached XP level 1. HP: 15/15 MP: 0/0
   218 | D:1      | Reached XP level 2. HP: 20/21 MP: 0/0
   795 | D:1      | Found a faded altar of an unknown god.
   803 | D:1      | Reached XP level 3. HP: 21/25 MP: 0/0
   803 | D:1      | Learned a level 1 spell: Summon Small Mammal
  1584 | D:2      | Reached XP level 4. HP: 27/31 MP: 0/0
  2124 | D:2      | Reached skill level 2 in Evocations
  2198 | D:3      | Reached XP level 5. HP: 30/35 MP: 0/0
  2198 | D:3      | Learned a level 2 spell: Poisonous Vapours
  2786 | D:4      | Noticed a black bear
  2854 | D:4      | Identified 2 scrolls of acquirement
  2856 | D:4      | Acquired a manual of Evocations
  2866 | D:4      | Acquired a manual of Spellcasting
  2878 | D:4      | Noticed Sigmund
  2886 | D:4      | Killed Sigmund
  2887 | D:4      | Reached skill level 5 in Spellcasting
  2887 | D:4      | Reached skill level 4 in Evocations
  2887 | D:4      | Reached XP level 6. HP: 25/40 MP: 0/0
  3275 | D:4      | Reached XP level 7. HP: 40/45 MP: 0/0
  3275 | D:4      | Learned a level 2 spell: Passwall
  3437 | D:4      | Reached skill level 5 in Evocations
  4249 | D:5      | Entered Level 5 of the Dungeon
  4533 | D:5      | Reached skill level 6 in Evocations
  4555 | D:5      | Reached XP level 8. HP: 16/50 MP: 0/0
  4841 | D:5      | Identified the +1 robe of Skepticism {rF+ Int+8 Dex-2}
  4850 | D:5      | Reached skill level 7 in Evocations
  5048 | D:5      | Identified the +1 whip "Guasepna" {venom, rF+ Int+2 SInv
                  | Stlth+}
  5068 | D:5      | Found a burning altar of Makhleb.
  5076 | D:5      | Reached skill level 8 in Evocations
  5287 | D:5      | Found a broken altar of Ashenzari.
  5376 | D:5      | Noticed Grinder
  5392 | D:5      | Killed Grinder
  5393 | D:5      | Reached skill level 9 in Evocations
  5451 | D:5      | Became a worshipper of Ashenzari the Shackled
  5619 | D:6      | Reached XP level 9. HP: 53/55 MP: 0/0
  5619 | D:6      | Learned a level 4 spell: Ice Form
  5934 | D:6      | Reached skill level 10 in Evocations
  6293 | D:6      | Reached skill level 11 in Evocations
  6459 | D:6      | Found a hide-covered altar of Uskayaw.
  6583 | D:6      | Reached skill level 10 in Spellcasting
  7303 | D:7      | Found a staircase to the Ecumenical Temple.
  7344 | D:7      | Reached skill level 12 in Evocations
  7344 | D:7      | Reached XP level 10. HP: 16/60 MP: 0/0
  8335 | D:7      | Noticed Pikel
  8354 | D:7      | Killed Pikel
  8355 | D:7      | Reached skill level 1 in Fighting
  8355 | D:7      | Reached skill level 13 in Evocations
  8798 | D:7      | Reached * piety under Ashenzari
  9366 | D:8      | Reached ** piety under Ashenzari
 10139 | D:9      | Slain by a killer bee

Illustrated notes

Levels and vault maps discovered:
D:1:      dpeg_arrival_rooms_a, layout_basic, chequers_ecumenical_altar_island,
          serial_forest, infiniplex_forest_end_2, infiniplex_forest_lined_4_way,
          infiniplex_forest_lined_2, infiniplex_forest_split,
          infiniplex_forest_straight_4, minmay_pentomino_q4
D:2:      layout_rooms
D:3:      layout_rooms, serial_forest, infiniplex_forest_clump_diagonal,
          infiniplex_forest_clump_small, infiniplex_forest_lined_2,
          infiniplex_forest_straight_3, infiniplex_forest_end_1
D:4:      layout_loops_ring, uniq_sigmund
D:5:      layout_cave_pools, nicolae_overflow_squiral, uniq_grinder
D:6:      layout_rooms, mainiacjoe_overflow_boulevard,
          nicolae_sif_muna_condensation, minmay_misc_feat_chi, minmay_puff
D:7:      layout_loops_cross, minmay_temple_entry_tees, uniq_pikel
D:8:      kennysheep_big_flooded_room, layout_loops_cross, grunt_ministairs_12
D:9:      layout_layer_cave, serial_glass, glass_columns_b, glass_columns_a,
          minmay_librarian

Skill      XL: |  1  2  3  4  5  6  7  8  9 10 |
---------------+-------------------------------+-----
Dodging        | 2 |  2.1
Armour         | 2 |  2.0
Evocations     | 2 4 6 9 12 13 | 13.6
Spellcasting   | 5 6 7 8 10 11 | 11.8
Fighting       | 3 |  3.6
Stealth        | |  1.8

Action                     |  1- 3 |  4- 6 |  7- 9 | 10-12 || total
---------------------------+-------+-------+-------+-------++-------
  Melee: Club              |     9 |       |       |       ||     9
         Punch             |     1 |       |     1 |       ||     2
         Short sword       |       |     6 |    33 |    42 ||    81
   Cast: Foxfire           |    55 |    94 |   193 |    99 ||   441
         Blink             |     2 |       |     1 |       ||     3
         Poisonous Vapours |       |     4 |    20 |     3 ||    27
 Invoke: Curse Item        |       |       |     1 |     2 ||     3
  Evoke: Wand              |       |       |     1 |     9 ||    10
    Use: Scroll            |       |     7 |     9 |     2 ||    18
         Potion            |       |       |     1 |       ||     1
 Armour: Leather armour    |     2 |     9 |    14 |     7 ||    32
         Robe              |     1 |       |       |       ||     1
  Dodge: Dodged            |    17 |    11 |    56 |    42 ||   126

Table legend: (Time is in decaauts)
 A = Elapsed time spent in this place.
 B = Non-inter-level travel time spent in this place.
 C = Inter-level travel time spent in this place.
 D = Time resting spent in this place.
 E = Time spent auto-exploring this place.
 F = Levels seen in this place.
 G = Mean time per level.
                   A        B        C        D        E       F      G
               +--------+--------+--------+--------+--------+-----+--------+
         Total |  10139 |   9835 |    304 |   3990 |   4436 |   9 | 1126.6 |
       Dungeon |  10139 |   9835 |    304 |   3990 |   4436 |   9 | 1126.6 |
               +--------+--------+--------+--------+--------+-----+--------+

Top non-repeatable levels by time:
     D:6: 1712 daAuts
     D:4: 1632 daAuts
     D:1: 1577 daAuts
     D:7: 1473 daAuts
     D:5: 1181 daAuts
     D:8: 876 daAuts
     D:3: 623 daAuts
     D:2: 600 daAuts
     D:9: 461 daAuts
